 Dungeon Crawl Stone Soup version 0.30-a0-458-g86641cc369 (webtiles) character file.

Game seed: 7838646421214836055

8208 bande the Cleaver (level 11, 0/67 HPs)
             Began as a Gargoyle Fighter on Dec 14, 2022.
             Was a High Priest of Okawaru.
             Slain by a skeletal warrior
             ... wielding a +0 war axe
              (3 damage)
             ... on level 9 of the Dungeon.
             The game lasted 00:19:20 (10667 turns).

bande the Cleaver (Gargoyle Fighter)               Turns: 10667, Time: 00:19:21

Health: 0/67       AC: 27    Str: 20    XL:     11   Next: 27%
Magic:  16/16      EV:  4    Int:  9    God:    Okawaru [*****.]
Gold:   274        SH: 15    Dex: 13    Spells: 10/10 levels left

rFire   . . .      SeeInvis .    a - +3 war axe (vamp)
rCold   . . .      Faith    .    u - +0 tower shield
rNeg    + + .      Spirit   .    t - +3 chain mail {Will+}
rPois   ∞          Reflect  .    g - +2 helmet
rElec   +          Harm     .    c - +0 cloak
rCorr   +          Rampage  .    s - +0 pair of gloves
Will    +....                    (no boots)
Stlth   ..........               (no amulet)
HPRegen 0.31/turn                i - ring of resist corrosion
MPRegen 0.15/turn                y - ring of positive energy

@: no status effects
A: sickness immunity, AC +8, negative energy resistance 1, electricity
resistance, torment resistance 1, petrification resistance
a: Renounce Religion, Heroism, Finesse, Duel


You were on level 9 of the Dungeon.
You worshipped Okawaru.
Okawaru was extremely pleased with you.
You visited 2 branches of the dungeon, and saw 11 of its levels.
You also visited: Sewer.

You collected 532 gold pieces.
You spent 258 gold pieces at shops.

Inventory:

Hand Weapons
 a - a +3 vampiric war axe (weapon)
 o - a +0 morningstar
 r - a +0 war axe
Armour
 c - a +0 cloak (worn)
 g - a +2 helmet (worn)
 s - a +0 pair of gloves (worn)
 t - a +3 chain mail of willpower (worn)
 u - a +0 tower shield (worn)
Jewellery
 i - a ring of resist corrosion (left hand)
 k - a ring of fire
 y - a ring of positive energy (right hand)
 z - a +6 ring of intelligence
Wands
 v - a wand of paralysis (2)
 x - a wand of flame (27)
Scrolls
 e - 2 scrolls of enchant armour
 h - a scroll of poison
 m - a scroll of fear
 q - 11 scrolls of teleportation
 w - a scroll of brand weapon
Potions
 b - 5 potions of curing
 d - a potion of might
 f - a potion of haste
 j - 2 potions of brilliance
 n - a potion of cancellation
 p - a potion of magic


   Skills:
 + Level 7.6 Fighting
 + Level 10.1 Axes
 + Level 7.4 Armour
 + Level 8.0 Shields
 * Level 7.1 Invocations
 * Level 3.5 Evocations


You had 10 spell levels left.
You didn't know any spells.
Your spell library contained the following spells:

 Spells                   Type           Power      Damage    Failure   Level
 Beastly Appendage        Tmut           0%         N/A       100%        1
 Wereblood                Tmut           0%         N/A       100%        2
 Inner Flame              Hex/Fire       0%         N/A       100%        3
 Spider Form              Tmut/Pois      0%         N/A       100%        3
 Flame Wave               Conj/Fire      0%         2d4       100%        4
 Sticky Flame             Conj/Fire      0%         2d3       100%        4


Dungeon Overview and Level Annotations

Branches:
Dungeon (10/15)            Temple (1/1) D:4           Sewer (visited)
   Lair: D:8-11         Orc: D:9-12

Altars:
Ashenzari
Dithmenos
Elyvilon
Fedhas
Gozag
Hepliaklqana
Kikubaaqudgha
Makhleb
Nemelex Xobeh
Okawaru
Qazlal
Ru
Trog
Uskayaw
Vehumet
Wu Jian
Xom

Shops:
D:1 [   D:6 [[*(

Annotations:
D:3 2 transporters, elongatedgoose's ghost, amateur SpHu
D:7 3 runed translucent doors, tangygnat's ghost, novice TrFi
D:8 1 runed translucent door
D:9 2 transporters, exclusion: ice statue, Juicyj's ghost, novice MiFi


Innate Abilities, Weirdness & Mutations

You are immune to sickness and miasma.
Your stone body is resilient. (AC +8)
You are immune to poison.
You resist negative energy. (rN+)
You are resistant to electric shocks. (rElec)
You are resistant to unholy torment.
You are immune to petrification.


Message History

The skeletal warrior hits you but does no damage.
You closely miss the skeletal warrior.
The skeletal warrior is severely damaged.
The skeletal warrior hits you with a +0 war axe.
You closely miss the skeletal warrior.
The skeletal warrior is severely damaged.
You block the skeletal warrior's attack.
You barely miss the skeletal warrior.
The skeletal warrior is severely damaged.
You block the skeletal warrior's attack.
The skeletal warrior hits you with a +0 war axe.
You barely miss the skeletal warrior.
The skeletal warrior is severely damaged.
You block the skeletal warrior's attack.
You hit the skeletal warrior.
The skeletal warrior is severely damaged.
The skeletal warrior barely misses you.
You slash the skeletal warrior!
The skeletal warrior is almost destroyed.
The skeletal warrior hits you with a +0 war axe!
* * * LOW HITPOINT WARNING * * *
You block the skeletal warrior's attack.
You hit the skeletal warrior.
The skeletal warrior is almost destroyed.
The skeletal warrior hits you but does no damage.
You closely miss the skeletal warrior.
The skeletal warrior is almost destroyed.
The skeletal warrior hits you but does no damage.
You hit the skeletal warrior but do no damage.
The skeletal warrior is almost destroyed.
You block the skeletal warrior's attack.
The skeletal warrior hits you with a +0 war axe!
* * * LOW HITPOINT WARNING * * *
You closely miss the skeletal warrior.
The skeletal warrior is almost destroyed.
You block the skeletal warrior's attack.
You hit the skeletal warrior but do no damage.
The skeletal warrior is almost destroyed.
The skeletal warrior hits you with a +0 war axe.
You die...

#......###.#.#######
#..........#.##..##.
#..##......#........
#..........####.....
#.............'..###
#.###.......#.####..
#.....#'###...# #..
#.....#...########..
#..@#.#......#......
#...z.########.#..##
#................##W
#.###.......#...##O#
#..............##...
#....####'##..##8.h.
#..#.# #....##~.#.#
#..#.# #...##..~..#
#...)####...#y#~.##y


You could see a skeletal warrior.

Vanquished Creatures
  A two-headed ogre (D:9)
  A cyclops (D:7)
  A manticore (D:8)
  A troll (D:9)
  3 wyverns (D:9)
  4 steam dragons
  6 yaks (D:9)
  Menkaure (D:4)
  A vampire mosquito (D:8)
  Duvessa (D:7)
  A water moccasin (D:6)
  Pargi (Sewer)
  4 orc warriors
  A sky beast (D:6)
  2 black bears
  2 ogres (D:5)
  2 centaurs
  6 kobold brigands
  A bullfrog (D:8)
  A gnoll sergeant (D:9)
  A necrophage (D:4)
  11 scorpions
  5 wights (D:7)
  Dowan (D:7)
  7 killer bees
  7 howler monkeys
  6 hounds
  A jelly (D:5)
  11 orc priests
  A gnoll bouda (D:6)
  Crazy Yiuf (D:6)
  Terence (D:2)
  5 iguanas
  9 orc wizards
  Robin (D:2)
  9 adders
  7 gnolls
  A shadow imp (D:5)
  2 white imps (D:7)
  An ufetubus (D:6)
  4 worms
  35 orcs
  5 endoplasms
  4 giant cockroaches
  5 hobgoblins
  35 kobolds
  5 quokkas
  7 ball pythons
  2 bats (D:1)
  6 frilled lizards
  11 goblins
  4 rats (D:3)
  3 butterflies (D:8)
255 creatures vanquished.

Notes
Turn   | Place    | Note
-------+----------+-------------------------------------------
     0 | D:1      | bande the Gargoyle Fighter began the quest for the Orb.
     0 | D:1      | Reached XP level 1. HP: 14/14 MP: 1/1
   127 | D:1      | Found Poorys's Antique Armour Shop.
   324 | D:1      | Reached XP level 2. HP: 19/19 MP: 2/2
   833 | D:1      | Reached skill level 2 in Axes
  1110 | D:2      | Reached XP level 3. HP: 19/24 MP: 3/3
  1110 | D:2      | Upgraded the game from 0.30-a0-457-g4b7bca3bfa to
                  | 0.30-a0-458-g86641cc369
  1502 | D:2      | Noticed Robin
  1507 | D:2      | Reached XP level 4. HP: 25/29 MP: 4/4
  1531 | D:2      | Killed Robin
  1630 | D:2      | Found a faded altar of an unknown god.
  1633 | D:2      | Noticed Terence
  1661 | D:2      | Killed Terence
  2045 | D:3      | Found a transporter.
  2046 | D:3      | Noticed elongatedgoose's ghost (amateur SpHu)
  2048 | D:3      | Found a transporter.
  2086 | D:3      | Found a glowing drain.
  2132 | D:3      | Reached skill level 3 in Axes
  2132 | D:3      | Reached XP level 5. HP: 25/33 MP: 5/5
  2145 | Sewer    | Entered a sewer
  2333 | Sewer    | Noticed Pargi
  2354 | Sewer    | Killed Pargi
  2355 | Sewer    | Reached XP level 6. HP: 27/38 MP: 6/6
  2690 | D:3      | Reached skill level 4 in Axes
  3351 | D:4      | Reached XP level 7. HP: 38/44 MP: 7/7
  3463 | D:4      | Found a staircase to the Ecumenical Temple.
  3467 | D:4      | Noticed Menkaure
  3482 | D:4      | Killed Menkaure
  3483 | D:4      | Reached skill level 5 in Axes
  3483 | D:4      | Reached skill level 5 in Armour
  3780 | Temple   | Entered the Ecumenical Temple
  3814 | Temple   | Became a worshipper of Warmaster Okawaru
  4208 | D:4      | Found a sacrificial altar of Ru.
  4658 | D:5      | Entered Level 5 of the Dungeon
  4734 | D:5      | Reached skill level 1 in Invocations
  4741 | D:5      | HP: 1/44 [iguana (6)]
  4748 | D:5      | Reached XP level 8. HP: 12/48 MP: 7/9
  4868 | D:5      | Reached skill level 6 in Axes
  4965 | D:5      | Identified the +1 leather armour of Voracious Contentment
                  | {*Slow Int+7}
  4978 | D:5      | Reached * piety under Okawaru
  4979 | D:5      | Reached skill level 5 in Fighting
  5478 | D:6      | Reached skill level 7 in Axes
  5552 | D:6      | Found an opulent altar of Gozag.
  5704 | D:6      | Reached ** piety under Okawaru
  5779 | D:6      | Found Lipralag's Armour Boutique.
  5855 | D:6      | Found a runed translucent door.
  5856 | D:6      | Noticed Crazy Yiuf
  5976 | D:6      | Reached XP level 9. HP: 54/54 MP: 11/11
  5988 | D:6      | Reached skill level 5 in Shields
  6112 | D:6      | Found Rayffee's Antique Weapon Shop.
  6146 | D:6      | Found Qit Byc's General Store.
  6155 | D:6      | Bought a scroll of brand weapon for 142 gold pieces
  6342 | D:6      | Found Vaennime's Armour Emporium.
  6345 | D:6      | Bought a +0 pair of gloves for 58 gold pieces
  6345 | D:6      | Bought a +0 tower shield for 58 gold pieces
  6586 | D:6      | Killed Crazy Yiuf
  6689 | D:7      | Found a runed translucent gate.
  6692 | D:7      | Found a runed translucent gate.
  6692 | D:7      | Found a runed translucent gate.
  6821 | D:7      | Noticed tangygnat's ghost (novice TrFi)
  6822 | D:7      | Noticed a spectral unseen horror
  6852 | D:7      | Noticed Duvessa
  6853 | D:7      | Noticed Dowan
  6870 | D:7      | Killed Duvessa
  6870 | D:7      | Killed Dowan
  6871 | D:7      | Reached skill level 8 in Axes
  6992 | D:7      | Noticed a cyclops
  7013 | D:7      | Killed a cyclops
  7363 | D:7      | Found a hide-covered altar of Uskayaw.
  7365 | D:7      | Found a stormy altar of Qazlal.
  7365 | D:7      | Found a bloodstained altar of Trog.
  7434 | D:7      | Reached skill level 5 in Invocations
  7451 | D:7      | Reached *** piety under Okawaru
  7891 | D:8      | Reached XP level 10. HP: 61/61 MP: 12/14
  8195 | D:8      | Reached skill level 9 in Axes
  8196 | D:8      | Reached skill level 1 in Evocations
  8388 | D:8      | Noticed a manticore
  8398 | D:8      | Killed a manticore
  8529 | D:8      | Reached **** piety under Okawaru
  8537 | D:8      | Found a runed translucent door.
  8539 | D:8      | Found a runed translucent door.
  8787 | D:8      | Found a hazy altar of Hepliaklqana.
  8789 | D:8      | Found a faded altar of an unknown god.
  8988 | D:9      | Found a transporter.
  8992 | D:9      | Noticed Juicyj's ghost (novice MiFi)
  8996 | D:9      | Noticed a two-headed ogre
  8996 | D:9      | Noticed a green ugly thing
  9000 | D:9      | Found a transporter.
  9001 | D:9      | Noticed an ice statue
  9059 | D:9      | Noticed a two-headed ogre
  9075 | D:9      | Killed a two-headed ogre
  9344 | D:9      | Reached ***** piety under Okawaru
  9348 | D:9      | Reached XP level 11. HP: 9/67 MP: 14/16
  9603 | D:9      | Found a burning altar of Makhleb.
  9948 | D:9      | Reached skill level 10 in Axes
 10425 | D:10     | Entered Level 10 of the Dungeon
 10567 | D:10     | Noticed a skeletal warrior
 10569 | D:10     | Noticed a skeletal warrior
 10665 | D:9      | HP: 3/67 [skeletal warrior/+0 war axe (12)]
 10667 | D:9      | Slain by a skeletal warrior

Illustrated notes

Levels and vault maps discovered:
D:1:      dpeg_arrival_three_same_balls, layout_basic, serial_shops, shop
D:2:      layout_basic, hellmonk_ecumenical_altar_leap_of_faith, uniq_terence,
          uniq_robin
D:3:      layout_loops_ring, portal_sewer_entry_c, gammafunk_ghost_arena
D:4:      layout_basic, general_overflow_altar,
          minmay_temple_entry_proselytizer, minmay_misc_feat_rows, uniq_menkaure
D:5:      layout_basic
D:6:      layout_basic, mainiacjoe_overflow_paths, serial_shops, shop,
          nicolae_shop_crystal, nicolae_shop_competitors_out_of_business,
          kennysheep_mini_moat, uniq_crazy_yiuf_cottage
D:7:      layout_rooms, grunt_temple_overflow_diamond,
          gammafunk_ghost_necromancy, uniq_duvessa
D:8:      lemuel_insect_pit, layout_basic, beargit_hepliaklqana_dungeon_heroes
D:9:      layout_stronghold, old_standard_altar, nzn_ghost_randoct
D:10:     layout_stronghold, david_orc_4, serial_shops, shop_fountains,
          minmay_ruffians
Temple:   nicolae_temple_bog_church

Skill      XL: |  1  2  3  4  5  6  7  8  9 10 11 |
---------------+----------------------------------+-----
Axes           | 2 3 4 5 7 8 9 10 | 10.1
Armour         | 4 5 6 7 |  7.4
Shields        | 4 6 7 8 |  8.0
Fighting       | 4 5 6 7 |  7.6
Invocations    | 1 3 5 6 7 |  7.1
Evocations     | 3 |  3.5

Action                   |  1- 3 |  4- 6 |  7- 9 | 10-12 || total
-------------------------+-------+-------+-------+-------++-------
Melee: War axe           |   114 |   182 |   379 |   328 ||  1003
  Use: Scroll            |       |    12 |    11 |     3 ||    26
       Potion            |       |     1 |     1 |     1 ||     3
Armor: Plate armour      |    90 |    39 |       |       ||   129
       Chain mail        |       |   112 |   319 |   347 ||   778
Dodge: Dodged            |    34 |    65 |    97 |    81 ||   277
Block: Buckler           |    31 |    48 |    67 |       ||   146
       Tower shield      |       |       |   134 |   387 ||   521

Table legend: (Time is in decaauts)
 A = Elapsed time spent in this place.
 B = Non-inter-level travel time spent in this place.
 C = Inter-level travel time spent in this place.
 D = Time resting spent in this place.
 E = Time spent auto-exploring this place.
 F = Levels seen in this place.
 G = Mean time per level.
                   A        B        C        D        E       F      G
               +--------+--------+--------+--------+--------+-----+--------+
         Total |  11051 |  10891 |    160 |   1944 |   6528 |  12 |  920.9 |
       Dungeon |  10507 |  10347 |    160 |   1661 |   6415 |  10 | 1050.7 |
        Temple |     57 |     57 |      0 |      0 |     26 |   1 |   57.0 |
         Sewer |    487 |    487 |      0 |    283 |     86 |   1 |  487.0 |
               +--------+--------+--------+--------+--------+-----+--------+

Top non-repeatable levels by time:
     D:9: 1562 daAuts
     D:8: 1327 daAuts
     D:4: 1315 daAuts
     D:6: 1229 daAuts
     D:2: 1170 daAuts
     D:7: 1097 daAuts
     D:1: 929 daAuts
     D:3: 859 daAuts
     D:5: 800 daAuts
   Sewer: 487 daAuts
    D:10: 215 daAuts
  Temple: 57 daAuts
